 Dungeon Crawl Stone Soup version 0.17-a0-1528-gfee3901 (webtiles) character file.

420 Chiseanne the Grave Robber (level 6, -13/41 HPs)
             Began as a Demonspawn Wanderer on July 15, 2015.
             Was an Initiate of Gozag.
             Killed by divine providence
             ... invoked by an orc priest
              (15 damage)
             ... on level 3 of the Dungeon.
             The game lasted 00:12:23 (4149 turns).

Chiseanne the Grave Robber (Demonspawn Wanderer)    Turns: 4149, Time: 00:12:23

Health: -13/41     AC:  5    Str: 12    XL:     6   Next: 62%
Magic:  1/12       EV: 12    Int: 14    God:    Gozag
Gold:   126        SH:  0    Dex: 14    Spells: 4 memorised, 6 levels left

rFire  + + .     SeeInvis .     a - +0 dagger
rCold  . . .     Clarity  .     d - +0 robe
rNeg   . . .     SustAt   .     (no shield)
rPois  .         Gourm    .     (no helmet)
rElec  .         Spirit   .     (no cloak)
rCorr  .         Warding  .     (no gloves)
rMut   .         Stasis   .     i - +2 pair of boots {Fly}
MR     .....                    (no amulet)
Stlth  +++.......               o - ring of protection from fire
                                g - ring of stealth

@: lethally poisoned (-13 -> -15), flying, not resistant to hostile
enchantments, fairly stealthy
A: claws 2, fire resistance 1, flame cloud immunity
a: Potion Petition, Call Merchant, Bribe Branch, Renounce Religion, Stop Flying


You were on level 3 of the Dungeon.
You worshipped Gozag.
Gozag was noncommittal.
You were not hungry.

You visited 1 branch of the dungeon, and saw 3 of its levels.

You collected 161 gold pieces.
You paid 35 gold pieces to Gozag.

Inventory:

Hand weapons
 a - a +0 dagger (weapon)
 k - a +0 short sword
Missiles
 l - 22 poisoned needles
 m - 3 curare-tipped needles
 n - 31 arrows
 p - 4 needles of confusion
 r - 3 tomahawks (quivered)
 s - 13 sling bullets
Armour
 d - a +0 robe (worn)
 i - a +2 pair of boots of flying (worn)
 t - a +0 ring mail of fire resistance
Jewellery
 c - an uncursed ring of ice
 g - a ring of stealth (left claw)
 o - a ring of protection from fire (right claw)
Scrolls
 q - a scroll of recharging
Books
 b - the Catalogue of Conjuration and Flight

   Spells                             Type                      Level
   a - Shock                          Conjuration/Air              1
   b - Mephitic Cloud                 Conjuration/Poison/Air       3
 e - a book of Necromancy

   Spells                             Type                      Level
   a - Pain                           Necromancy                   1
   b - Animate Skeleton               Necromancy                   1
   c - Vampiric Draining              Necromancy                   3
   d - Regeneration                   Charms/Necromancy            3
   e - Animate Dead                   Necromancy                   4
   f - Control Undead                 Necromancy                   4
Comestibles
 f - 2 bread rations


   Skills:
 + Level 2.5 Short Blades
 + Level 1.5 Dodging
 * Level 3.8 Stealth
 * Level 4.5 Spellcasting
   Level 1.0 Hexes
 + Level 5.2 Necromancy


You had 6 spell levels left.
You knew the following spells:

 Your Spells              Type           Power        Failure   Level  Hunger
a - Pain                  Necr           ###.         2%          1    None
b - Animate Skeleton      Necr           N/A          2%          1    None
c - Vampiric Draining     Necr           ###.......   10%         3    ###....
d - Regeneration          Chrm/Necr      ##........   21%         3    ###....


Dungeon Overview and Level Annotations

Branches:
Dungeon (3/15)

Altars:
Gozag
Trog
The Shining One


Innate Abilities, Weirdness & Mutations

You have very sharp fingernails.
Your flesh is heat resistant.
You are immune to clouds of flame.


Message History

You hit the orc.
You kill the orc!
The orc is distracted by the nearby gold.
The adder bites you.
* * * LOW HITPOINT WARNING * * *
You are poisoned.
The adder poisons you!
Casting: Vampiric Draining
Confirm with . or Enter, or press ? or * to list all spells.
Aiming: Pain
Press: ? - help, Shift-Dir - straight line, f - adder
Aim: an adder (chance to defeat MR: 82%)
The adder convulses in agony!
You feel sick.
The orc is no longer distracted by gold.
The adder bites you.
* * * LOW HITPOINT WARNING * * *
The orc priest calls down the wrath of Beogh upon you.
Something smites you!
You die...
Your body crumbles into a pile of gold.

...... #.# #..#
###.## #.# #..#
.# #.# ### #.#
#..# .##.#
....###.###..###
.#.#
)..............#
..#
#.S.$$....>#.#
.##
#.###$###.##.#
.# #S# #.# # #
#@# #.# #o# #.#
# #o# #.# ..#
..o .# ##.....
... ....# ####.
##.## . >. ##.##


You could see an orc priest, an adder and 2 orcs.

Vanquished Creatures
  5 killer bees
  2 orc priests (D:3)
  An orc wizard (D:3)
  An adder (D:2)
  2 oozes
  4 worms (D:2)
  8 orcs
  5 bats
  3 giant cockroaches
  10 hobgoblins
  2 quokkas (D:2)
  2 ball pythons (D:2)
  A giant gecko (D:2)
  3 giant newts
  5 goblins
  9 kobolds
  5 rats
68 creatures vanquished.

Vanquished Creatures (collateral kills)
  An adder (D:2)
1 creature vanquished.

Grand Total: 69 creatures vanquished

Notes
Turn   | Place    | Note
--------------------------------------------------------------
     0 | D:1      | Chiseanne the Demonspawn Wanderer began the quest for the Orb.
     0 | D:1      | Chiseanne set off with: a book of Necromancy, the Catalogue of Conjuration and Flight, a potion of curing, a +0 robe, a +0 dagger, a bread ration
     0 | D:1      | Reached XP level 1. HP: 13/13 MP: 4/4
    12 | D:1      | Identified the Catalogue of Conjuration and Flight
    14 | D:1      | Learned a level 1 spell: Pain
    16 | D:1      | Learned a level 1 spell: Animate Skeleton
   310 | D:1      | Gained mutation: You have sharp fingernails. [demonic ancestry]
   310 | D:1      | Reached XP level 2. HP: 19/19 MP: 6/6
  1324 | D:2      | Reached skill level 1 in Short Blades
  1324 | D:2      | Gained mutation: You have very sharp fingernails. [demonic ancestry]
  1324 | D:2      | Reached XP level 3. HP: 16/24 MP: 0/7
  1582 | D:2      | Found a bloodstained altar of Trog.
  2039 | D:2      | Found a glowing golden altar of the Shining One.
  2436 | D:2      | Gained mutation: Your flesh is heat resistant. [demonic ancestry]
  2436 | D:2      | Reached XP level 4. HP: 28/30 MP: 7/9
  3306 | D:2      | Reached skill level 1 in Dodging
  3306 | D:2      | Gained mutation: You are immune to clouds of flame. [demonic ancestry]
  3306 | D:2      | Reached XP level 5. HP: 5/35 MP: 4/11
  3332 | D:2      | Learned a level 3 spell: Vampiric Draining
  3657 | D:3      | Found an opulent altar of Gozag.
  3668 | D:3      | Became a worshipper of Gozag Ym Sagoz the Greedy
  3693 | D:3      | Learned a level 3 spell: Regeneration
  3749 | D:3      | Reached skill level 5 in Necromancy
  3810 | D:3      | Reached XP level 6. HP: 10/41 MP: 1/12
  4149 | D:3      | HP: 2/41 [adder (2)]
  4149 | D:3      | Killed from afar by an orc priest

Vault maps used:
D:1:      lemuel_arrival_room
D:2:      tso_oasis_becter, trog_butcher_becter
D:3:      old_standard_altar, first_bread, serial_bayou_crossing

Action                   |  1- 3 |  4- 6 || total
-------------------------+-------+-------++-------
Melee: Dagger            |    31 |    42 ||    73
 Cast: Pain              |    70 |    55 ||   125
       Animate Skeleton  |     4 |     3 ||     7
       Vampiric Draining |       |     7 ||     7
Invok: Potion Petition   |       |     1 ||     1
  Use: Scroll            |     9 |     3 ||    12
       Potion            |       |     4 ||     4
 Stab: Sleeping          |     7 |     7 ||    14
  Eat: Chunk             |     4 |     2 ||     6
       Royal jelly       |       |     1 ||     1
       Bread ration      |       |     1 ||     1
